 Dungeon Crawl Stone Soup version 0.21.1-1-g345015f (webtiles) character file.

202 Iko the Chucker (level 5, -6/44 HPs)
             Began as a Centaur Assassin on May 12, 2018.
             Shot with an arrow by something (9 damage)
             ... on level 5 of the Dungeon on May 13, 2018.
             The game lasted 00:07:42 (686 turns).

Iko the Chucker (Centaur Assassin)                   Turns: 686, Time: 00:07:44

Health: -6/44      AC:  6    Str: 14    XL:     5   Next: 50%
Magic:  5/5        EV: 10    Int: 11    God:
Gold:   53         SH:  0    Dex: 10    Spells: 4/4 levels left

rFire    . . .     SeeInvis .   i - +2 scimitar (holy)
rCold    . . .     Gourm    .   (no shield)
rNeg     . . .     Faith    .   c - +1 robe
rPois    .         Spirit   .   (no helmet)
rElec    .         Reflect  .   d - +0 cloak
rCorr    .         Harm     .   (no gloves)
MR       .....                  (no barding)
Stlth    ++........             (no amulet)
HPRegen  0.14/turn              (no ring)
MPRegen  0.09/turn              (no ring)

@: very quick
A: large, hooves 3, deformed body, speed 2, tough skin 3
a: no special abilities


You were on level 5 of the Dungeon.
You were not hungry.

You visited 1 branch of the dungeon, and saw 5 of its levels.

You collected 53 gold pieces.

Inventory:

Hand Weapons
 b - a +0 blowgun
 i - a +2 scimitar of holy wrath (weapon)
Armour
 c - a +1 robe (worn)
 d - a +0 cloak (worn)
Wands
 a - a wand of random effects (27)
Scrolls
 h - 2 scrolls of teleportation
Comestibles
 g - 3 rations


   Skills:
 + Level 2.8 Fighting
   Level 1.7(1.9) Short Blades
 + Level 0.7(1.3) Long Blades
   Level 0.5 Maces & Flails
 + Level 4.4 Throwing
 + Level 1.6 Dodging
 + Level 2.9 Stealth
 + Level 0.1 Evocations


You had 4 spell levels left.
You didn't know any spells.

Dungeon Overview and Level Annotations

Branches:
Dungeon (5/15)
 Temple: D:4-7

Altars:


Innate Abilities, Weirdness & Mutations

You have hooves in place of feet.
Armour fits poorly on your strangely shaped body.
You cover ground very quickly.
You have extremely tough skin. (AC +3)


Message History

* * * LOW HITPOINT WARNING * * *
You slash the ogre! You kick the ogre.
The ogre is severely wounded.
The ogre completely misses you.
You riposte.
You hit the ogre. You kick the ogre.
The ogre is almost dead.
You slash the ogre!
You kill the ogre!
Your Throwing skill increases to level 4!
You have reached level 5!
Aiming: Random Effects
Press: ? - help, Shift-Dir - straight line, f - centaur
Aim: a centaur The centaur flickers and vanishes!
Deactivating autopickup; reactivate with Ctrl-A.
You hear a twanging sound.
An arrow appears from out of thin air!
The arrow hits you but does no damage.
You hear a twanging sound.
An arrow appears from out of thin air!
The arrow hits you!
You die...

#. .# #
.. .# .#
!# .#
#.##
{#...##
#)....###
#@.......
#.....#..
##..>##
####


There were no monsters in sight!

Vanquished Creatures
  An ogre (D:5)
  Blork the orc (D:4)
  An adder (D:4)
  2 oozes
  A worm (D:2)
  An orc (D:3)
  4 bats
  2 giant cockroaches
  A hobgoblin (D:2)
  2 jackals (D:1)
  3 kobolds
  A quokka (D:3)
  2 ball pythons
22 creatures vanquished.

Notes
Turn   | Place    | Note
-------+----------+-------------------------------------------
     0 | D:1      | Iko the Centaur Assassin began the quest for the Orb.
     0 | D:1      | Reached XP level 1. HP: 17/17 MP: 1/1
   139 | D:2      | Reached XP level 2. HP: 17/24 MP: 2/2
   403 | D:3      | Reached XP level 3. HP: 25/29 MP: 3/3
   593 | D:4      | Reached skill level 1 in Dodging
   644 | D:4      | Noticed Blork the orc
   656 | D:4      | Killed Blork the orc
   656 | D:4      | Reached skill level 3 in Throwing
   656 | D:4      | Reached XP level 4. HP: 17/37 MP: 4/4
   677 | D:5      | Entered Level 5 of the Dungeon
   677 | D:5      | Noticed an ogre
   677 | D:5      | Noticed an ogre
   682 | D:5      | Noticed a centaur
   685 | D:5      | Killed an ogre
   685 | D:5      | Reached skill level 4 in Throwing
   685 | D:5      | Reached XP level 5. HP: 2/44 MP: 5/5
   686 | D:5      | Shot with an arrow by something

Skill      XL: |  1  2  3  4 |
---------------+-------------+-----
Dodging        | 1 |  1.6
Throwing       | 3 4 |  4.4
Fighting       | |  2.8
Short Blades   | |  1.7
Long Blades    | |  0.7
Maces & Flails | |  0.5
Stealth        | |  2.9
Evocations     | |  0.1

Action                   |  1- 3 |  4- 6 || total
-------------------------+-------+-------++-------
Melee: Dagger            |     3 |       ||     3
       Mace              |    37 |       ||    37
       Kick              |     9 |     2 ||    11
       Scimitar          |     7 |     3 ||    10
 Fire: Blowgun           |    41 |     2 ||    43
Evoke: Wand              |     1 |     3 ||     4
  Use: Scroll            |     4 |       ||     4
Armor: Robe              |    27 |       ||    27
Dodge: Dodged            |    40 |     4 ||    44
       Rpst.: Scimitar   |       |     1 ||     1
